[Event "Teplice Open 2019"]
[Site "Teplice"]
[Date "2019.06.18"]
[Round "4.29"]
[White "Kucera, Petr"]
[Black "Hollan, Martin"]
[Result "1/2-1/2"]
[ECO "E61"]
[WhiteElo "2248"]
[BlackElo "2423"]
[Annotator "ChessBase"]
[PlyCount "175"]
[EventDate "2019.06.15"]
[EventType "swiss"]
[EventCountry "CZE"]
[SourceTitle "playchess.com"]
[Source "ChessBase"]
[SourceQuality "1"]
[TimeControl "40/5400+30:1800+30"]

1. d4 Nf6 2. Nf3 g6 3. c4 Bg7 4. Nc3 O-O 5. Bg5 d6 6. e3 Nbd7 7. Be2 h6 8. Bh4 g5 9. Bg3 Nh5 10. Qc2 Nxg3 11. hxg3 e6 12. g4 Nf6 13. Nd2 e5 14. f3 exd4 15. exd4 d5 16. O-O-O Be6 17. Kb1 Rc8 18. c5 c6 19. Bd3 b6 20. Nb3 Nd7 21. Ne2 bxc5 22. Nxc5 Nxc5 23. Qxc5 Re8 24. Ng3 Bf8 25. Qc2 c5 26. Bh7+ Kh8 27. Bf5 cxd4 28. Qd3 Qb6 29. Bxe6 Rxe6 30. Qxd4+ Bg7 31. Qxb6 Rxb6 32. b3 a5 33. Nf5 a4 34. Rd3 Rcb8 35. Nxg7 Kxg7 36. Kb2 axb3 37. Rxb3 d4 38. Rd1 Rxb3+ 39. axb3 Rd8 40. Kc2 Kf6 41. b4 Ke5 42. b5 Rc8+ 43. Kd2 Ra8 44. Rb1 Ra2+ 45. Kd3 Ra3+ 46. Ke2 Ra2+ 47. Kf1 d3 48. b6 Ra8 49. b7 Rb8 50. Ke1 Kd4 51. Kd2 Kc4 52. Rb2 Kd4 53. Rb6 Kc5 54. Rxh6 Rxb7 55. Kxd3 Kd5 56. Rf6 Ke5 57. Rf5+ Ke6 58. Rxg5 Rb2 59. g3 Rg2 60. Ke3 Rxg3 61. Ra5 Rg1 62. Kf4 Kf6 63. Ra6+ Kg7 64. Kg5 Rb1 65. f4 Rb5+ 66. f5 Rc5 67. Rd6 Ra5 68. Kh5 Rb5 69. Kg5 Ra5 70. Rd8 Rb5 71. Re8 Ra5 72. Kf4 Ra1 73. Re4 f6 74. Re7+ Kf8 75. Rb7 Ra4+ 76. Kg3 Ra1 77. Rc7 Rg1+ 78. Kf4 Re1 79. Kf3 Kg8 80. Kf4 Kf8 81. Rb7 Kg8 82. Rc7 Kf8 83. g5 Rf1+ 84. Ke4 Re1+ 85. Kd5 fxg5 86. f6 g4 87. Rg7 g3 88. Rxg3 1/2-1/2

[Event "Teplice Open 2019"]
[Site "Teplice"]
[Date "2019.06.18"]
[Round "4.30"]
[White "Vales, Vaclav"]
[Black "Ahlander, Bjorn"]
[Result "0-1"]
[ECO "E38"]
[WhiteElo "2171"]
[BlackElo "2421"]
[Annotator "NA"]
[PlyCount "52"]
[EventDate "2019.06.15"]
[EventType "swiss"]
[EventCountry "CZE"]
[SourceTitle "playchess.com"]
[Source "ChessBase"]
[SourceQuality "1"]
[TimeControl "40/5400+30:1800+30"]

1. d4 Nf6 2. c4 e6 3. Nc3 Bb4 4. Qc2 c5 5. dxc5 Na6 6. g3 Nxc5 7. Bg2 d6 8. a3 Bxc3+ 9. Qxc3 a5 10. Bg5 a4 11. Rd1 Ra6 12. h4 e5 13. h5 h6 14. Bh4 Bf5 15. f3 Be6 16. e3 Rb6 17. Bf1 Rb3 18. Qd2 Qb6 19. Rh2 Nce4 20. fxe4 Nxe4 21. c5 Qxc5 22. Rc1 Nxd2 23. Rxc5 Nxf1 24. Kxf1 dxc5 25. Rd2 f6 26. Nf3 Rd3 0-1

[Event "Teplice Open 2019"]
[Site "Teplice"]
[Date "2019.06.18"]
[Round "4.31"]
[White "Balinski, Damian"]
[Black "Handler, Lukas"]
[Result "1/2-1/2"]
[ECO "E32"]
[WhiteElo "2170"]
[BlackElo "2418"]
[Annotator "NA"]
[PlyCount "117"]
[EventDate "2019.06.15"]
[EventType "swiss"]
[EventCountry "CZE"]
[SourceTitle "playchess.com"]
[Source "ChessBase"]
[SourceQuality "1"]
[TimeControl "40/5400+30:1800+30"]

1. d4 Nf6 2. c4 e6 3. Nc3 Bb4 4. Qc2 O-O 5. a3 Bxc3+ 6. Qxc3 Ne4 7. Qc2 f5 8. Nh3 d6 9. f3 Nf6 10. e3 e5 11. dxe5 dxe5 12. Be2 a5 13. b3 Nc6 14. O-O Qe7 15. Nf2 Be6 16. Bb2 Nd7 17. Nd3 Rae8 18. Qc3 Bf7 19. b4 Nb6 20. b5 Na4 21. Qd2 Nxb2 22. Nxb2 Nd8 23. Qxa5 Ne6 24. Qc3 f4 25. Qxe5 fxe3 26. Qxe3 Qf6 27. Qd2 Nf4 28. Rf2 Re7 29. Bf1 Rfe8 30. Rd1 b6 31. Qd4 Qg5 32. g3 Ne6 33. Qd2 Qc5 34. Qb4 Qf5 35. Bd3 Qf6 36. Re1 Ng5 37. Rxe7 Rxe7 38. Kg2 Re3 39. f4 Ne4 40. Bxe4 Rxe4 41. Qd2 Qe7 42. a4 h5 43. h4 Re3 44. Qd4 Qa3 45. Qd8+ Kh7 46. Qg5 Rb3 47. Nd1 Qc1 48. Qe7 Qxc4 49. Ne3 Bd5+ 50. Nxd5 Qxd5+ 51. Kh2 Rb1 52. Rg2 Qd1 53. Qe4+ Kh6 54. Rc2 g6 55. f5 Qg1+ 56. Kh3 Qf1+ 57. Kh2 Qg1+ 58. Kh3 Qf1+ 59. Kh2 1/2-1/2

[Event "Teplice Open 2019"]
[Site "Teplice"]
[Date "2019.06.18"]
[Round "4.32"]
[White "Siddharth, Jagadeesh"]
[Black "Subramanian, Aditya"]
[Result "1-0"]
[ECO "A14"]
[WhiteElo "2416"]
[BlackElo "2167"]
[Annotator "NA"]
[PlyCount "147"]
[EventDate "2019.06.15"]
[EventType "swiss"]
[EventCountry "CZE"]
[SourceTitle "playchess.com"]
[Source "ChessBase"]
[SourceQuality "1"]
[TimeControl "40/5400+30:1800+30"]

1. Nf3 d5 2. c4 e6 3. g3 Nf6 4. b3 Be7 5. Bg2 O-O 6. O-O b6 7. Bb2 c5 8. e3 Ba6 9. d3 Nc6 10. Qe2 Qc7 11. Nc3 Rad8 12. Rac1 Qb8 13. Rfd1 Rfe8 14. d4 Rc8 15. Nb5 cxd4 16. exd4 Na5 17. Ne5 dxc4 18. bxc4 Rxc4 19. Nxc4 Bxb5 20. d5 exd5 21. Bxd5 Nxd5 22. Rxd5 Bxc4 23. Qg4 f6 24. Rxa5 bxa5 25. Qxc4+ Kf8 26. Rb1 Qd6 27. Qe4 g6 28. Re1 Rd8 29. Bc3 Rd7 30. Qe3 Qb6 31. Qf4 Kg7 32. Qa4 Qb7 33. Bxa5 Qd5 34. Bc3 Bc5 35. Qf4 Rf7 36. a4 h5 37. Rc1 Bd6 38. Qh4 Bc5 39. Qf4 Bd6 40. Qd4 Qxd4 41. Bxd4 Be5 42. Be3 Re7 43. Rc6 Kf7 44. Rc8 a5 45. Rc5 Bc7 46. Bd2 Bb6 47. Rb5 Re2 48. Rxb6 Rxd2 49. Rb5 g5 50. Rxa5 Ra2 51. h3 Kg7 52. g4 h4 53. Ra7+ Kg6 54. a5 Ra3 55. Kg2 Ra2 56. a6 f5 57. gxf5+ Kxf5 58. Ra8 Kg6 59. Kf1 Kh7 60. f3 Kg7 61. a7 Kh7 62. Ke1 Kg7 63. Kd1 Kh7 64. Kc1 Kg7 65. Kb1 Ra6 66. Kb2 Kh7 67. Kc3 Kg7 68. Kb4 Ra1 69. Kc5 Kh7 70. Kd5 Kg7 71. Ke5 Ra5+ 72. Ke6 Kh7 73. Kf6 {[%emt 0:00:09] Kg7+ Ke6} Ra3 74. Ke5 1-0

[Event "Teplice Open 2019"]
[Site "Teplice"]
[Date "2019.06.18"]
[Round "4.33"]
[White "Pajeken, Jakob Leon"]
[Black "Bulockin, Martin"]
[Result "1-0"]
[ECO "A62"]
[WhiteElo "2359"]
[BlackElo "2165"]
[Annotator "NA"]
[PlyCount "107"]
[EventDate "2019.06.15"]
[EventType "swiss"]
[EventCountry "CZE"]
[SourceTitle "playchess.com"]
[Source "ChessBase"]
[SourceQuality "1"]
[TimeControl "40/5400+30:1800+30"]

1. d4 Nf6 2. Nf3 c5 3. d5 e6 4. c4 exd5 5. cxd5 d6 6. Nc3 g6 7. g3 Bg7 8. Bg2 O-O 9. O-O Re8 10. Re1 a6 11. a4 Qc7 12. Nd2 Nbd7 13. Nc4 Ne5 14. Nxe5 Rxe5 15. e4 Re8 16. f4 Ng4 17. e5 dxe5 18. h3 Nh6 19. d6 Qd8 20. Nd5 Qxd6 21. fxe5 Rxe5 22. Rxe5 Bxe5 23. Bxh6 Bxg3 24. Qe2 Be5 25. Re1 Bd4+ 26. Kh1 Be6 27. Bf4 Qd8 28. Nc7 Qf6 29. Be5 Bxe5 30. Qxe5 Qxe5 31. Rxe5 Rd8 32. Nxe6 fxe6 33. Rxc5 b6 34. Rc6 Rd4 35. Rxe6 Rxa4 36. Rxb6 Kg7 37. b4 Kh6 38. Kh2 Kg5 39. Bf1 Kh4 40. Bxa6 Ra2+ 41. Kg1 Kxh3 42. Bf1+ Kg3 43. b5 Rb2 44. Rb7 h5 45. Rg7 Rb1 46. Rxg6+ Kh4 47. Kf2 Rb2+ 48. Be2 Kh3 49. Rg3+ Kh2 50. Rg2+ Kh3 51. Kg1 Rb1+ 52. Bf1 Kh4 53. Rg8 Rb2 54. Rb8 1-0

[Event "Teplice Open 2019"]
[Site "Teplice"]
[Date "2019.06.18"]
[Round "4.34"]
[White "Risting, Eivind Olav"]
[Black "Kozak, Milos"]
[Result "1-0"]
[ECO "D46"]
[WhiteElo "2357"]
[BlackElo "2165"]
[Annotator "NA"]
[PlyCount "79"]
[EventDate "2019.06.15"]
[EventType "swiss"]
[EventCountry "CZE"]
[SourceTitle "playchess.com"]
[Source "ChessBase"]
[SourceQuality "1"]
[TimeControl "40/5400+30:1800+30"]

1. c4 e6 2. Nf3 Nf6 3. Nc3 d5 4. d4 c6 5. e3 Nbd7 6. Qc2 Bd6 7. Bd3 dxc4 8. Bxc4 b5 9. Be2 Bb7 10. O-O O-O 11. e4 e5 12. dxe5 Nxe5 13. Nh4 g6 14. f4 Neg4 15. g3 Bc5+ 16. Kh1 Ne3 17. Bxe3 Bxe3 18. Ng2 Bd4 19. Bf3 Qb6 20. e5 Bxc3 21. bxc3 Nd5 22. h4 c5 23. Kh2 f5 24. Rad1 Rad8 25. Rd2 Nc7 26. Bxb7 Qxb7 27. Rfd1 Ne6 28. Rd6 Rxd6 29. Rxd6 Kf7 30. Ne3 Ke7 31. Qd1 Qc8 32. Nd5+ Kf7 33. g4 fxg4 34. Qxg4 h5 35. Qe2 Rd8 36. f5 gxf5 37. Qxh5+ Kg7 38. Ne7 Rxd6 39. Qg6+ Kh8 40. Qh6# 1-0

[Event "Teplice Open 2019"]
[Site "Teplice"]
[Date "2019.06.18"]
[Round "4.35"]
[White "Buchcar, Tomas"]
[Black "Eden, James"]
[Result "0-1"]
[ECO "A11"]
[WhiteElo "2140"]
[BlackElo "2346"]
[Annotator "NA"]
[PlyCount "114"]
[EventDate "2019.06.15"]
[EventType "swiss"]
[EventCountry "CZE"]
[SourceTitle "playchess.com"]
[Source "ChessBase"]
[SourceQuality "1"]
[TimeControl "40/5400+30:1800+30"]

1. c4 c6 2. g3 d5 3. cxd5 cxd5 4. Bg2 Nf6 5. Nf3 Nc6 6. O-O e5 7. d4 e4 8. Ne5 Qb6 9. Nxc6 bxc6 10. Nc3 Be7 11. Na4 Qb5 12. a3 O-O 13. Bf4 Bg4 14. Re1 Nd7 15. f3 exf3 16. exf3 Be6 17. Bf1 Qb7 18. Qc2 a5 19. Rac1 Rfc8 20. Be3 Rab8 21. Bd3 g6 22. Bf4 Bf6 23. Bxb8 Bxd4+ 24. Kg2 Qxb8 25. Qd2 Qa7 26. Qf4 Bg7 27. Rc2 c5 28. Bb5 Nf8 29. Qd6 c4 30. Nc3 d4 31. Ne4 d3 32. Rd2 a4 33. Qb4 Rb8 34. Qxa4 Qxa4 35. Bxa4 Rxb2 36. Rxb2 Bxb2 37. Nc5 Bxa3 38. Nxe6 Nxe6 39. Bb5 d2 40. Rd1 c3 41. Ba4 Nd4 42. Kf2 Bc1 43. Ke3 c2 44. Rxd2 Bxd2+ 45. Kxd2 Nxf3+ 46. Kxc2 Nxh2 47. Kd3 Kg7 48. Bd1 Kf6 49. Ke4 Kg5 50. Be2 f5+ 51. Ke3 Ng4+ 52. Kf3 Kf6 53. Ba6 Ke5 54. Bb7 Nf6 55. Ba6 g5 56. Bd3 g4+ 57. Ke3 Ne4 {[%emt 0:00:28] Kd4+} 0-1

[Event "Teplice Open 2019"]
[Site "Teplice"]
[Date "2019.06.18"]
[Round "4.36"]
[White "Paszewski, Mateusz"]
[Black "Furman, Boris"]
[Result "1/2-1/2"]
[ECO "B31"]
[WhiteElo "2346"]
[BlackElo "2144"]
[Annotator "NA"]
[PlyCount "87"]
[EventDate "2019.06.15"]
[EventType "swiss"]
[EventCountry "CZE"]
[SourceTitle "playchess.com"]
[Source "ChessBase"]
[SourceQuality "1"]
[TimeControl "40/5400+30:1800+30"]

1. e4 c5 2. Nf3 Nc6 3. Bb5 g6 4. Bxc6 bxc6 5. d4 Bg7 6. dxc5 Qa5+ 7. Nbd2 Qxc5 8. c4 Nf6 9. O-O O-O 10. a3 d6 11. b4 Qb6 12. Bb2 a5 13. Bc3 axb4 14. axb4 Bd7 15. h3 Nh5 16. Bxg7 Kxg7 17. Qb3 Rfb8 18. Rab1 f6 19. Rfe1 Ra7 20. Qc3 Nf4 21. c5 Qa6 22. cxd6 exd6 23. Qe3 g5 24. Kh2 Rab7 25. h4 h6 26. g3 Ne6 27. Nd4 Nxd4 28. Qxd4 Qb6 29. Qxb6 Rxb6 30. hxg5 hxg5 31. Nc4 Rxb4 32. Rxb4 Rxb4 33. Nxd6 Rd4 34. Nb7 Bg4 35. Kg2 Rd3 36. f4 Rd2+ 37. Kg1 gxf4 38. gxf4 Rd1 39. Rxd1 Bxd1 40. Kf2 Kf8 41. Ke3 Ke7 42. Kd4 Bc2 43. Nc5 Kd6 44. e5+ {[%emt 0:00:20] Kxe5+ Ke4+} 1/2-1/2

[Event "Teplice Open 2019"]
[Site "Teplice"]
[Date "2019.06.18"]
[Round "4.37"]
[White "Chval st., Zdenek"]
[Black "Efroimski, Marsel"]
[Result "1/2-1/2"]
[ECO "D31"]
[WhiteElo "2138"]
[BlackElo "2327"]
[Annotator "NA"]
[PlyCount "111"]
[EventDate "2019.06.15"]
[EventType "swiss"]
[EventCountry "CZE"]
[SourceTitle "playchess.com"]
[Source "ChessBase"]
[SourceQuality "1"]
[TimeControl "40/5400+30:1800+30"]

1. d4 e6 2. Nf3 d5 3. c4 c6 4. Nc3 dxc4 5. a4 Bb4 6. g3 b5 7. Bg2 Bb7 8. O-O a6 9. Ne5 f6 10. Ng4 Qd7 11. e4 Ne7 12. h4 O-O 13. Be3 Nc8 14. h5 h6 15. Qf3 Kh8 16. Rfd1 Qf7 17. Nh2 Nd7 18. Nf1 Ncb6 19. a5 Nc8 20. g4 Qe8 21. Ng3 Ne7 22. Qe2 Qd8 23. f4 Bxa5 24. g5 f5 25. gxh6 gxh6 26. exf5 Rg8 27. Bf2 Bc7 28. fxe6 Bxf4 29. d5 Bxg3 30. Bd4+ Be5 31. Bxe5+ Nxe5 32. Qxe5+ Rg7 33. dxc6 Qb6+ 34. Kh2 Qf2 35. Qxg7+ Kxg7 36. cxb7 Rg8 37. Rf1 Qh4+ 38. Kg1 Qd4+ 39. Kh2 Qd6+ 40. Kh1 Qxe6 41. Rae1 Qd7 42. Ne4 Nf5 43. Bh3 Ng3+ 44. Kg2 Qxb7 45. Kxg3 Kh8+ 46. Kh2 Qg7 47. Rf6 b4 48. Kh1 c3 49. bxc3 bxc3 50. Rg6 Qb7 51. Rxh6+ Kg7 52. Rg6+ Kh7 53. Bg2 Rxg6 54. Nf6+ Rxf6 55. Bxb7 Kh6 56. Rc1 1/2-1/2

[Event "Teplice Open 2019"]
[Site "Teplice"]
[Date "2019.06.19"]
[Round "5.5"]
[White "Warmerdam, Max"]
[Black "Tari, Aryan"]
[Result "1/2-1/2"]
[ECO "B33"]
[WhiteElo "2475"]
[BlackElo "2623"]
[Annotator "RC"]
[PlyCount "83"]
[EventDate "2019.06.15"]
[EventType "swiss"]
[EventCountry "CZE"]
[SourceTitle "playchess.com"]
[Source "ChessBase"]
[SourceQuality "1"]
[TimeControl "40/5400+30:1800+30"]

1. e4 c5 2. Nf3 Nc6 3. d4 cxd4 4. Nxd4 Nf6 5. Nc3 e5 6. Ndb5 d6 7. Nd5 Nxd5 8. exd5 Nb8 9. c4 Be7 10. c5 O-O 11. Bd3 Na6 12. cxd6 Bxd6 13. O-O Nc7 14. Bg5 Qxg5 15. Nxd6 Ne8 16. Nc4 b5 17. Na5 Nd6 18. Qc1 Qf6 19. Qc5 a6 20. Rfe1 Bd7 21. Nc6 Rac8 22. a4 e4 23. Bf1 Nb7 24. Qe7 Bxc6 25. Qxf6 gxf6 26. dxc6 Rxc6 27. axb5 axb5 28. Rxe4 Nd6 29. Rg4+ Kh8 30. Rd1 Re8 31. Rgd4 Re6 32. g3 Kg7 33. Bg2 Rb6 34. Bd5 Re5 35. Ra1 f5 36. Ra7 Kf6 37. b4 h6 38. Bf3 Re7 39. Ra8 Ne4 40. Rd5 Ng5 41. Bh5 Ne4 42. Bf3 {[%emt 0:23:04] Ke5} 1/2-1/2

[Event "Teplice Open 2019"]
[Site "Teplice"]
[Date "2019.06.19"]
[Round "5.6"]
[White "Santos Latasa, Jaime"]
[Black "Gumularz, Szymon"]
[Result "1/2-1/2"]
[ECO "E46"]
[WhiteElo "2588"]
[BlackElo "2495"]
[Annotator "ChessBase"]
[PlyCount "169"]
[EventDate "2019.06.15"]
[EventType "swiss"]
[EventCountry "CZE"]
[SourceTitle "playchess.com"]
[Source "ChessBase"]
[SourceQuality "1"]
[TimeControl "40/5400+30:1800+30"]

1. d4 Nf6 2. c4 e6 3. Nc3 Bb4 4. e3 O-O 5. Nge2 c6 6. a3 Ba5 7. c5 d5 8. cxd6 Qxd6 9. b4 Bc7 10. g3 Qe7 11. Bg2 e5 12. O-O e4 13. Qc2 Bf5 14. b5 Nbd7 15. bxc6 bxc6 16. Bd2 Rac8 17. Rfb1 h5 18. Rb7 Bb8 19. Na4 Qe6 20. Nc5 Nxc5 21. dxc5 Be5 22. Bc3 Bh3 23. Bxe5 Qxe5 24. Qb2 Qxb2 25. Rxb2 Bxg2 26. Kxg2 Nd7 27. Rc1 Rb8 28. Rb4 Rxb4 29. axb4 Ne5 30. Nd4 a6 31. Ra1 Ra8 32. b5 cxb5 33. Nxb5 Rc8 34. Rxa6 Rxc5 35. Nd6 Rc2 36. Nxe4 Ng4 37. Ra3 f5 38. h3 Nxe3+ 39. Rxe3 fxe4 40. Rxe4 Kf7 41. Kf3 g6 42. Re5 Kf6 43. Rd5 Ra2 44. Rd6+ Kg7 45. Ke3 Rb2 46. g4 hxg4 47. hxg4 Rb4 48. Rd4 Rb5 49. f4 Rb1 50. Rd7+ Kg8 51. Ra7 Rb4 52. Kf3 Rc4 53. Kg3 Rb4 54. Rd7 Ra4 55. Kf3 Rb4 56. g5 Ra4 57. Ke3 Rb4 58. Rd4 Rb1 59. Rd8+ Kf7 60. Rd7+ Kg8 61. Ke4 Re1+ 62. Kd5 Re2 63. Ra7 Re1 64. Ra6 Kg7 65. Re6 Rf1 66. Ke5 Re1+ 67. Kd6 Rd1+ 68. Kc5 Rc1+ 69. Kd4 Rd1+ 70. Ke5 Re1+ 71. Kd6 Rd1+ 72. Ke7 Rd4 73. Rf6 Re4+ 74. Kd6 Ra4 75. Ke5 Ra5+ 76. Ke4 Ra4+ 77. Kf3 Rb4 78. Rd6 Ra4 79. Rd7+ Kg8 80. Ke3 Rb4 81. Rd4 Rb1 82. Rd8+ Kg7 83. Rd7+ Kg8 84. Rd8+ Kg7 85. Rd7+ 1/2-1/2

[Event "Teplice Open 2019"]
[Site "Teplice"]
[Date "2019.06.19"]
[Round "5.7"]
[White "Romanov, Evgeny"]
[Black "Cernousek, Lukas"]
[Result "1-0"]
[ECO "A34"]
[WhiteElo "2577"]
[BlackElo "2466"]
[Annotator "ChessBase"]
[PlyCount "79"]
[EventDate "2019.06.15"]
[EventType "swiss"]
[EventCountry "CZE"]
[SourceTitle "playchess.com"]
[Source "ChessBase"]
[SourceQuality "1"]
[TimeControl "40/5400+30:1800+30"]

1. c4 c5 2. Nf3 Nf6 3. Nc3 d5 4. cxd5 Nxd5 5. e4 Nb4 6. Bc4 Nd3+ 7. Ke2 Nf4+ 8. Kf1 Nd3 9. Ke2 Nf4+ 10. Kf1 Nd3 11. Qe2 Nxc1 12. Rxc1 e6 13. Bb5+ Nd7 14. e5 a6 15. Bd3 Nb6 16. Be4 Nd5 17. Qd3 Nxc3 18. Qxc3 Qb6 19. g3 Bd7 20. Kg2 Be7 21. d4 Rc8 22. Rhd1 O-O 23. dxc5 Rxc5 24. Bxh7+ Kxh7 25. Qd3+ Kg8 26. Qxd7 Rxc1 27. Rxc1 Qxb2 28. Rc7 Ba3 29. Qd3 Qxa2 30. Rc2 Qa1 31. Ng5 g6 32. Nxe6 Re8 33. Nf4 Rxe5 34. Rc8+ Kh7 35. Qd8 Re7 36. Nd5 Qe5 37. Nxe7 Qe4+ 38. Kh3 Qe6+ 39. g4 Qb3+ 40. Kg2 1-0

[Event "Teplice Open 2019"]
[Site "Teplice"]
[Date "2019.06.19"]
[Round "5.8"]
[White "Rubes, Jan"]
[Black "Epishin, Vladimir"]
[Result "0-1"]
[ECO "E60"]
[WhiteElo "2352"]
[BlackElo "2564"]
[Annotator "RC"]
[PlyCount "140"]
[EventDate "2019.06.15"]
[EventType "swiss"]
[EventCountry "CZE"]
[SourceTitle "playchess.com"]
[Source "ChessBase"]
[SourceQuality "1"]
[TimeControl "40/5400+30:1800+30"]

1. d4 Nf6 2. c4 d6 3. Nf3 g6 4. g3 Bg7 5. Bg2 c6 6. Nc3 Bf5 7. Nh4 Be6 8. d5 cxd5 9. cxd5 Bd7 10. O-O a5 11. Be3 b5 12. Bd4 O-O 13. e4 b4 14. Ne2 Bb5 15. a4 Ba6 16. Re1 Nbd7 17. Nc1 Rc8 18. Nb3 Bc4 19. Rc1 Bxb3 20. Qxb3 Rxc1 21. Rxc1 Nxe4 22. Bxg7 Nec5 23. Qe3 Kxg7 24. Re1 e5 25. dxe6 Nxe6 26. Bd5 Ndc5 27. Ng2 Qf6 28. Qd2 Re8 29. Ne3 Nc7 30. Bc6 Re6 31. Rd1 Nb3 32. Qc2 Nd4 33. Qc4 Nxc6 34. Qxc6 Ne8 35. b3 Qb2 36. Qc2 Qxc2 37. Nxc2 Nf6 38. Nd4 Re5 39. Nb5 Ne4 40. Nxd6 Nc3 41. Nc4 Rc5 42. Rd7 Nxa4 43. Nxa5 Rxa5 44. bxa4 Rxa4 45. Rb7 Kf6 46. Kg2 h5 47. h4 Ke6 48. Kf3 f6 49. Ke4 Kd6 50. Kd4 b3+ 51. Kc3 Ra2 52. Rxb3 Rxf2 53. Kd4 Re2 54. Rb7 Ke6 55. Rb5 Re1 56. Ra5 Re5 57. Ra3 g5 58. hxg5 fxg5 59. Rf3 Ra5 60. Rf8 Ra3 61. Rh8 Kf5 62. Rxh5 Kg4 63. Rh1 Kxg3 64. Ke4 g4 65. Rg1+ Kh3 66. Kf4 g3 67. Rh1+ Kg2 68. Rb1 Kh2 69. Rb8 g2 70. Rh8+ Rh3 0-1

[Event "Teplice Open 2019"]
[Site "Teplice"]
[Date "2019.06.19"]
[Round "5.9"]
[White "Plat, Vojtech"]
[Black "Kett, Tim"]
[Result "1-0"]
[ECO "E67"]
[WhiteElo "2547"]
[BlackElo "2197"]
[Annotator "ChessBase"]
[PlyCount "51"]
[EventDate "2019.06.15"]
[EventType "swiss"]
[EventCountry "CZE"]
[SourceTitle "playchess.com"]
[Source "ChessBase"]
[SourceQuality "1"]
[TimeControl "40/5400+30:1800+30"]

1. d4 Nf6 2. c4 g6 3. g3 Bg7 4. Bg2 O-O 5. Nc3 d6 6. Nf3 Nbd7 7. O-O e5 8. Be3 Ng4 9. Bg5 f6 10. Bc1 Kh8 11. h3 Nh6 12. dxe5 Nxe5 13. Nxe5 fxe5 14. c5 Nf5 15. cxd6 cxd6 16. Ne4 d5 17. Bg5 Qa5 18. b4 Qxb4 19. Qxd5 Nd4 20. e3 Ne2+ 21. Kh2 Nc3 22. Nxc3 Qxc3 23. Be7 Re8 24. Rac1 Qb2 25. Qf7 Bf5 26. Bf6 1-0

[Event "Teplice Open 2019"]
[Site "Teplice"]
[Date "2019.06.19"]
[Round "5.10"]
[White "Dragnev, Valentin"]
[Black "Mazur, Stefan"]
[Result "1-0"]
[ECO "E81"]
[WhiteElo "2521"]
[BlackElo "2426"]
[Annotator "ChessBase"]
[PlyCount "77"]
[EventDate "2019.06.15"]
[EventType "swiss"]
[EventCountry "CZE"]
[SourceTitle "playchess.com"]
[Source "ChessBase"]
[SourceQuality "1"]
[TimeControl "40/5400+30:1800+30"]

1. d4 Nf6 2. c4 g6 3. Nc3 Bg7 4. e4 d6 5. f3 O-O 6. Be3 c5 7. Nge2 Nc6 8. d5 Ne5 9. Ng3 h5 10. Be2 h4 11. Nf1 e6 12. Bg5 exd5 13. Nxd5 Be6 14. Bxh4 Bxd5 15. cxd5 c4 16. Bf2 Nh5 17. g3 f5 18. Nd2 fxe4 19. Nxe4 Qa5+ 20. Kf1 Nf6 21. Nc3 Nfg4 22. Ne4 Nxf2 23. Nxf2 Nxf3 24. Bxf3 Rxf3 25. Qxf3 Rf8 26. Qd1 Qc5 27. Qc2 Bd4 28. Qxg6+ Bg7 29. Qc2 Bd4 30. Qg6+ Bg7 31. Kg2 Qxf2+ 32. Kh3 Rf6 33. Qe8+ Bf8 34. Raf1 Rh6+ 35. Kg4 Qd4+ 36. Rf4 Qg7+ 37. Kf3 Rf6 38. Re1 Rxf4+ 39. gxf4 1-0

[Event "Teplice Open 2019"]
[Site "Teplice"]
[Date "2019.06.19"]
[Round "5.11"]
[White "Halvax, Georg"]
[Black "Lagarde, Maxime"]
[Result "0-1"]
[ECO "A58"]
[WhiteElo "2408"]
[BlackElo "2599"]
[Annotator "ChessBase"]
[PlyCount "66"]
[EventDate "2019.06.15"]
[EventType "swiss"]
[EventCountry "CZE"]
[SourceTitle "playchess.com"]
[Source "ChessBase"]
[SourceQuality "1"]
[TimeControl "40/5400+30:1800+30"]

1. d4 Nf6 2. c4 c5 3. d5 b5 4. cxb5 a6 5. bxa6 g6 6. Nc3 Bg7 7. e4 O-O 8. a7 Rxa7 9. Nf3 d6 10. Be2 e6 11. dxe6 fxe6 12. e5 dxe5 13. Qxd8 Rxd8 14. Be3 Rb7 15. Bxc5 Rxb2 16. Be7 Nd5 17. Bxd8 Nxc3 18. Bc4 Nc6 19. Bg5 Na5 20. Bb3 Re2+ 21. Kf1 Ba6 22. Bxe6+ Kf8 23. Kg1 e4 24. Nh4 Bd4 25. h3 Rxf2 26. Kh2 Be5+ 27. Kg1 Bg3 28. Bg4 Nc4 29. Rc1 Ne5 30. Bh6+ Ke8 31. Bg7 Nf3+ 32. Bxf3 exf3 33. Bxc3 Rxg2+ 0-1

[Event "Teplice Open 2019"]
[Site "Teplice"]
[Date "2019.06.19"]
[Round "5.13"]
[White "Dastan, Muhammed Batuhan"]
[Black "Di Nicolantonio, Lucas"]
[Result "1-0"]
[ECO "B90"]
[WhiteElo "2561"]
[BlackElo "2379"]
[Annotator "ChessBase"]
[PlyCount "44"]
[EventDate "2019.06.15"]
[EventType "swiss"]
[EventCountry "CZE"]
[SourceTitle "playchess.com"]
[Source "ChessBase"]
[SourceQuality "1"]
[TimeControl "40/5400+30:1800+30"]

1. e4 c5 2. Nf3 d6 3. d4 cxd4 4. Nxd4 Nf6 5. Nc3 a6 6. h4 e5 7. Nb3 Be7 8. Bg5 Nbd7 9. a4 b6 10. g4 Bb7 11. Bg2 Rc8 12. Bxf6 Nxf6 13. g5 Nd7 14. Rh3 Nf8 15. Nc1 Ne6 16. N1e2 O-O 17. Rg3 b5 18. axb5 axb5 19. Nxb5 d5 20. exd5 Nf4 21. Nxf4 exf4 22. Rb3 Rc4 1-0

[Event "Teplice Open 2019"]
[Site "Teplice"]
[Date "2019.06.19"]
[Round "5.14"]
[White "Stocek, Jiri"]
[Black "Pajeken, Jakob Leon"]
[Result "1-0"]
[ECO "D30"]
[WhiteElo "2551"]
[BlackElo "2359"]
[Annotator "ChessBase"]
[PlyCount "55"]
[EventDate "2019.06.15"]
[EventType "swiss"]
[EventCountry "CZE"]
[SourceTitle "playchess.com"]
[Source "ChessBase"]
[SourceQuality "1"]
[TimeControl "40/5400+30:1800+30"]

1. c4 e6 2. d4 d5 3. Nf3 Nf6 4. Bg5 dxc4 5. Qa4+ Nbd7 6. e4 c6 7. Qxc4 h6 8. Bxf6 Qxf6 9. e5 Qd8 10. Nc3 Nb6 11. Qb3 a5 12. a3 a4 13. Qc2 Nd5 14. Ne4 Bd7 15. Rc1 b6 16. Bc4 Be7 17. O-O Ra5 18. Ba2 Qb8 19. Rfe1 Qa7 20. h4 Qa6 21. g3 b5 22. Nd6+ Bxd6 23. exd6 b4 24. Bc4 Qb6 25. Ne5 Qxd4 26. Nxd7 b3 27. Bxb3 axb3 28. Qxc6 1-0

[Event "Teplice Open 2019"]
[Site "Teplice"]
[Date "2019.06.19"]
[Round "5.15"]
[White "Eden, James"]
[Black "Ali Marandi, Cemil Can"]
[Result "0-1"]
[ECO "D13"]
[WhiteElo "2346"]
[BlackElo "2520"]
[Annotator "ChessBase"]
[PlyCount "42"]
[EventDate "2019.06.15"]
[EventType "swiss"]
[EventCountry "CZE"]
[SourceTitle "playchess.com"]
[Source "ChessBase"]
[SourceQuality "1"]
[TimeControl "40/5400+30:1800+30"]

1. d4 Nf6 2. Nf3 d5 3. c4 c6 4. cxd5 cxd5 5. Nc3 Nc6 6. Bf4 Nh5 7. Bd2 g6 8. e3 Bg7 9. Qb3 Nf6 10. Ne5 O-O 11. Nxc6 bxc6 12. Bd3 e5 13. dxe5 Nd7 14. Na4 Rb8 15. Qc2 Nxe5 16. O-O Qh4 17. b3 Nf3+ 18. gxf3 Be5 19. Rfc1 Bh3 20. e4 Bxh2+ 21. Kh1 Bg4 0-1

[Event "Teplice Open 2019"]
[Site "Teplice"]
[Date "2019.06.19"]
[Round "5.16"]
[White "Greenfeld, Alon"]
[Black "Risting, Eivind Olav"]
[Result "1-0"]
[ECO "D24"]
[WhiteElo "2513"]
[BlackElo "2357"]
[Annotator "ChessBase"]
[PlyCount "59"]
[EventDate "2019.06.15"]
[EventType "swiss"]
[EventCountry "CZE"]
[SourceTitle "playchess.com"]
[Source "ChessBase"]
[SourceQuality "1"]
[TimeControl "40/5400+30:1800+30"]

1. d4 Nf6 2. Nf3 e6 3. c4 d5 4. Nc3 dxc4 5. e4 b5 6. e5 Nd5 7. Nxb5 Nb6 8. Be2 Nc6 9. O-O Be7 10. Qd2 Bb7 11. Rd1 Qd7 12. Qf4 Nb4 13. Nc3 O-O-O 14. Qxf7 Rdf8 15. Qh5 Rf5 16. Qh3 N4d5 17. Nxd5 Bxd5 18. Be3 g5 19. Ne1 h5 20. g4 Rff8 21. gxh5 g4 22. Bxg4 Rfg8 23. f3 Na4 24. Rd2 Qb5 25. Ng2 Nxb2 26. Bxe6+ Kb8 27. Bxd5 c3 28. Rc2 Qd3 29. Bxg8 Qxc2 30. Qe6 1-0